 Dungeon Crawl Stone Soup version 0.28.0-45-g0d030f2227 (webtiles) character file.

Game seed: 734343930442571581

8362 theElss the Fighter (level 11, -2/108 HPs)
             Began as a Gargoyle Berserker on Apr 5, 2022.
             Was an Elder of Trog.
             Engulfed by a cloud of spreading flames (6 damage)
             ... on level 9 of the Dungeon.
             The game lasted 00:19:02 (9175 turns).

theElss the Fighter (Gargoyle Berserker)            Turns: 9175, Time: 00:19:02

Health: -2/108     AC: 26    Str: 24    XL:     11   Next: 29%
Magic:  11/11      EV: 24    Int:  7    God:    Trog [****..]
Gold:   460        SH:  5    Dex: 11    Spells: 10/10 levels left

rFire   . . .      SeeInvis .   d - +2 whip (freeze)
rCold   . . .      Faith    .   D - +0 buckler
rNeg    + . .      Spirit   .   b - +0 plate armour
rPois   ∞          Reflect  .   (no helmet)
rElec   +          Harm     .   (no cloak)
rCorr   .          Rampage  +   x - +3 pair of gloves of Leapfrog {Rampage rElec}
Will    ++...                   (no boots)
Stlth   ..........              e - amulet of the acrobat
HPRegen 1.28/turn               (no ring)
MPRegen 0.12/turn               (no ring)

@: berserking, strong-willed, acrobatic, regenerating, very quick
A: sickness immunity, AC +8, negative energy resistance 1, electricity
resistance, torment resistance 1, petrification resistance
a: Renounce Religion, Berserk, Trog's Hand, Brothers in Arms


You were on level 9 of the Dungeon.
You worshipped Trog.
Trog was greatly pleased with you.
You visited 1 branch of the dungeon, and saw 9 of its levels.
You also visited: Sewer.

You collected 560 gold pieces.
You spent 100 gold pieces at shops.

Inventory:

Hand Weapons
 d - a +2 whip of freezing (weapon)
Armour
 b - a +0 plate armour (worn)
 g - a +0 kite shield
 x - the +3 pair of gloves of Leapfrog (worn) {Rampage rElec}
   (You found it on level 5 of the Dungeon)

   rElec:     It insulates you from electricity.
   Rampage:   It bestows one free step when moving towards enemies.
 D - a +0 buckler (worn)
Jewellery
 e - an amulet of the acrobat (around neck)
 i - a ring of flight
Wands
 z - a wand of flame (20)
 A - a wand of acid (5)
Scrolls
 o - a scroll of brand weapon {unknown}
 p - 2 scrolls of noise {unknown}
 r - 4 scrolls of fog
 t - a scroll of amnesia {unknown}
 u - a scroll of magic mapping
 v - a scroll of holy word {unknown}
 w - a scroll of enchant weapon {unknown}
 y - 4 scrolls of teleportation {unknown}
 B - a scroll of fear
 F - a scroll of enchant armour {unknown}
 G - a scroll of identify
Potions
 a - 2 potions of flight
 c - 2 potions of lignification
 f - a potion of ambrosia
 h - 3 potions of degeneration
 j - 5 potions of curing
 k - 3 potions of haste
 l - 3 potions of mutation
 m - 4 potions of heal wounds
 n - 3 potions of brilliance
 q - a potion of invisibility {unknown}
 s - a potion of might
 C - 2 potions of resistance
 E - a potion of berserk rage {unknown}


   Skills:
 - Level 9.7 Fighting
 - Level 8.8 Maces & Flails
 - Level 9.4 Armour
 - Level 7.1 Dodging
 + Level 5.2 Shields


You had 10 spell levels left.
You didn't know any spells.
Your spell library was empty.

Dungeon Overview and Level Annotations

Branches:
Dungeon (9/15)             Temple (0/1) D:6           Sewer (visited)
   Lair: D:8-11         Orc: D:9-12

Altars:
Yredelemnul

Shops:
D:4 :=!!   D:6 *


Innate Abilities, Weirdness & Mutations

You are immune to sickness and miasma.
Your stone body is resilient. (AC +8)
You are immune to poison.
You resist negative energy. (rN+)
You are resistant to electric shocks. (rElec)
You are resistant to unholy torment.
You are immune to petrification.


Message History

* * * LOW HITPOINT WARNING * * *
The fireball engulfs the efreet.
The efreet completely resists.
The forest fire spreads!
Found a dagger and a manual of Dodging.
You whack the efreet! You freeze the efreet.
The efreet is severely wounded.
You are engulfed in blazing flames.
* * * LOW HITPOINT WARNING * * *
The forest fire spreads!
Unknown command.
Unknown command.
You whack the efreet! You freeze the efreet.
You feel the power of Trog in you as your rage grows.
You kill the efreet!
Trog accepts your kill.
You are engulfed in blazing flames.
* * * LOW HITPOINT WARNING * * *
The queen bee changes into a meliai!
The wizard is engulfed in blazing flames.
Your Shields skill increases to level 5!
Unknown command.
You are too berserk!
You are too berserk!
Really walk into that cloud of spreading flames? [Y]es or [N]o only, please.
Really walk into that cloud of spreading flames?
Okay, then.
Unknown command.
Really walk into that cloud of spreading flames?
Okay, then.
Press: ? - help, v - describe, . - travel The floor.
There is a cloud of flame here.
You swing at nothing.
You are engulfed in blazing flames.
You swing at nothing.
You feel a strong urge to attack something.
You are engulfed in blazing flames.
Really walk into that cloud of spreading flames?
Found a trident.
You are engulfed in a forest fire.
You die...

♣.♣♣ ♣.♣♣ ♣♣.♣♣#.# .≈.♣# ♣♣..♣♣
#♣...♣#.# ≈≈≈.# ♣♣....♣♣
#.....#.# ≈≈≈.# ♣♣..♣♣..♣♣
#.....#.# ≈≈≈.#
♣♣..♣♣♣♣..♣♣♣#.....#.## ≈≈≈.#
♣♣..♣♣♣♣♣♣§§§♣#.♣♣♣.#..####
≈≈≈♣#♣♣..♣♣##°§E§§♣.#♣.♣.♣#...#..
≈≈≈.....♣♣ #EE§p§§§...♣♣♣.).)#...
≈≈≈♣#♣..♣♣#°○8#§@§°°#♣.♣.♣#..#...
≈≈≈)#♣♣..♣##°ey♣♣§§♣#.♣♣♣.#..#...
≈≈≈.# ♣♣..♣##l♣♣..♣♣#.....#..#...
≈≈≈.# ♣♣..♣♣♣♣..♣♣ #.....#..#...
≈≈≈.# ♣♣..♣♣..♣♣ #.....#..#...
.≈.♣# ♣♣....♣♣ #♣...♣#..#... ♣.♣♣
♣♣..♣♣ ♣♣.♣♣#..##.. ##### #.##
### #..##.. .##.# ♣♣♣♣♣♣[♣♣♣♣♣♣♣
#......


You could see a deep elf pyromancer, a wizard, a basilisk, 3 fire elementals and
a meliai shaped shifter.

Vanquished Creatures
  3 two-headed ogres
  A deep elf zephyrmancer (D:8)
  Pikel (D:6)
  Maggie (D:7)
  An efreet (D:9)
  A hornet (D:8)
  Sigmund (D:2)
  A shadow (D:9)
  A wyvern (shapeshifter) (D:9)
  A wyvern (D:9)
  2 steam dragons
  A yak (D:9)
  4 vampire mosquitoes (D:9)
  A water moccasin (D:5)
  Duvessa (D:7)
  A hornet zombie (D:8)
  2 ice beasts
  3 orc warriors (D:9)
  2 sky beasts
  A black bear (D:6)
  4 ogres
  A centaur (D:9)
  A kobold brigand (D:8)
  2 bullfrogs (D:7)
  A gnoll sergeant (D:9)
  4 scorpions
  2 water moccasin zombies
  Dowan (D:7)
  6 killer bees
  5 hounds
  3 bullfrog skeletons
  2 centaur skeletons
  4 centaur zombies
  2 gnoll shamans
  2 orc priests
  2 iguanas (D:5)
  5 orc wizards
  A hound skeleton (D:4)
  A howler monkey zombie (D:8)
  4 gnolls
  17 adders
  A howler monkey skeleton (D:7)
  A shadow imp (D:6)
  2 white imps
  3 ufetubi
  An adder skeleton (D:5)
  A worm (D:3)
  2 dart slugs
  16 orcs
  7 bats
  8 endoplasms
  3 giant cockroaches
  10 goblins
  7 hobgoblins
  11 jackals
  31 kobolds
  4 quokkas
  6 ball pythons
  6 frilled lizards
  6 rats
226 creatures vanquished.

Vanquished Creatures (others)
  2 plants
2 creatures vanquished.

Grand Total: 228 creatures vanquished

Notes
Turn   | Place    | Note
-------+----------+-------------------------------------------
     0 | D:1      | theElss the Gargoyle Berserker began the quest for the Orb.
     0 | D:1      | Reached XP level 1. HP: 14/14 MP: 1/1
    17 | D:1      | Noticed an electric eel
   163 | D:1      | Reached XP level 2. HP: 18/19 MP: 2/2
   256 | D:1      | Found a faded altar of an unknown god.
   630 | D:1      | Reached XP level 3. HP: 20/23 MP: 3/3
   902 | D:2      | Reached ** piety under Trog
   954 | D:2      | Reached XP level 4. HP: 29/29 MP: 4/4
  1289 | D:2      | Noticed Sigmund
  1302 | D:2      | Reached XP level 5. HP: 33/33 MP: 5/5
  1308 | D:2      | Killed Sigmund
  1309 | D:2      | Reached XP level 6. HP: 34/39 MP: 6/6
  1656 | D:3      | Found a glowing drain.
  1703 | Sewer    | Entered a sewer
  1795 | Sewer    | Reached *** piety under Trog
  2589 | D:4      | Reached skill level 5 in Fighting
  2589 | D:4      | Reached XP level 7. HP: 36/44 MP: 7/7
  2759 | D:4      | Found Niamahak's Jewellery Shoppe.
  2775 | D:4      | Found Nierghuith's Distillery.
  2775 | D:4      | Found Ezurch's Book Shoppe.
  2776 | D:4      | Found Fierotee's Distillery.
  2818 | D:4      | Reached **** piety under Trog
  2877 | D:4      | Bought a potion of lignification for 30 gold pieces
  2877 | D:4      | Bought a potion of might for 40 gold pieces
  2877 | D:4      | Bought a potion of curing for 30 gold pieces
  3162 | D:4      | Reached skill level 5 in Maces & Flails
  3162 | D:4      | Reached skill level 5 in Armour
  3220 | D:4      | Found a basalt altar of Yredelemnul.
  3351 | D:5      | Entered Level 5 of the Dungeon
  3485 | D:5      | Reached XP level 8. HP: 36/51 MP: 8/8
  4039 | D:5      | Identified the +4 ring mail "Oredick" {Harm rF+++ Int-3
                  | Stlth-}
  4129 | D:5      | Identified the +3 pair of gloves of Leapfrog {Rampage
                  | rElec}
  4420 | D:6      | Found Coiwk's Assorted Antiques.
  4559 | D:6      | Reached XP level 9. HP: 40/56 MP: 9/9
  4752 | D:6      | Noticed Pikel
  4763 | D:6      | Killed Pikel
  4764 | D:6      | Reached skill level 5 in Dodging
  4815 | D:6      | Found a staircase to the Ecumenical Temple.
  4984 | D:6      | Identified the +9 quarterstaff "Rarrei" {flame, rPois
                  | Str+4}
  5464 | D:7      | Noticed Maggie
  5471 | D:7      | Killed Maggie
  6017 | D:7      | Noticed Dowan
  6018 | D:7      | Noticed Duvessa
  6032 | D:7      | Killed Duvessa
  6033 | D:7      | Reached XP level 10. HP: 64/64 MP: 10/10
  6036 | D:7      | Killed Dowan
  6239 | D:8      | Noticed a deep elf zephyrmancer
  6260 | D:8      | Killed a deep elf zephyrmancer
  6626 | D:8      | Noticed a two-headed ogre
  6635 | D:8      | Killed a two-headed ogre
  7948 | D:9      | Noticed a two-headed ogre
  7954 | D:9      | Noticed a two-headed ogre
  7955 | D:9      | Killed a two-headed ogre
  7962 | D:9      | Killed a two-headed ogre
  7999 | D:9      | Reached XP level 11. HP: 67/71 MP: 11/11
  8318 | D:9      | Reached skill level 1 in Shields
  9141 | D:9      | Noticed a deep elf pyromancer
  9171 | D:9      | Noticed a wizard
  9172 | D:9      | HP: 3/108 [something (6)]
  9173 | D:9      | Reached skill level 5 in Shields
  9175 | D:9      | Engulfed by a cloud of spreading flames

Illustrated notes

Levels and vault maps discovered:
D:1:      arrival_aquarium_a, layout_rooms, shapermc_ecumenical_altar_notcrosses
D:2:      layout_loops_ring, uniq_sigmund
D:3:      layout_rooms, gup_sewer_entry_glass, kennysheep_minor_cross
D:4:      layout_basic, yredelemnul_altar_generic, minmay_shop_grid_forest
D:5:      layout_rooms
D:6:      layout_loops_ring, minmay_temple_entry_mini_moons, serial_shops,
          nicolae_shop_hallway_stairs, hangedman_abyss_or_decor_passed,
          wad_rectangle_vault, uniq_pikel
D:7:      layout_loops_ring, uniq_maggie, uniq_duvessa
D:8:      layout_layer_cave, guppyfry_early_elven_hall
D:9:      nzn_winding_woodlands_cross
          [nzn_winding_woodlands_5x15_pathside_ponds,
          nzn_winding_woodlands_5x15_parted,
          nzn_winding_woodlands_5x15_river_crossing,
          nzn_winding_woodlands_5x15_cabin,
          nzn_winding_woodlands_15x15_thick_spiral], layout_gridville

Skill      XL: |  1  2  3  4  5  6  7  8  9 10 11 |
---------------+----------------------------------+-----
Dodging        | 2 3 4 6 7 |  7.1
Armour         | 3 4 5 6 7 9 |  9.4
Fighting       | 4 5 6 8 9 |  9.7
Maces & Flails | 4 5 6 7 8 |  8.8
Shields        | 5 |  5.2

Action                   |  1- 3 |  4- 6 |  7- 9 | 10-12 || total
-------------------------+-------+-------+-------+-------++-------
Melee: Whip              |    63 |   203 |   476 |   367 ||  1109
       Mace              |     7 |       |       |       ||     7
       Punch             |       |     4 |     6 |       ||    10
Invok: Berserk           |       |     1 |     6 |     5 ||    12
       Trog's Hand       |       |       |     2 |     2 ||     4
  Use: Scroll            |       |       |     9 |     2 ||    11
Armor: Leather armour    |    15 |       |       |       ||    15
       Plate armour      |    15 |   130 |   261 |   204 ||   610
Dodge: Dodged            |    38 |   110 |   178 |   134 ||   460
Block: Buckler           |       |       |     3 |    44 ||    47
